 Dungeon Crawl Stone Soup version 0.14-a0-181-gf6fe0c6 (webtiles) character file.

584 Leibowitz the Chopper (level 6, 47/53 HPs)
             Began as a Lava Orc Berserker on Oct 6, 2013.
             Was a Priest of Trog.
             Quit the game on Level 3 of the Dungeon.
             The game lasted 00:12:05 (2585 turns).

Leibowitz the Chopper (Lava Orc Berserker)          Turns: 2585, Time: 00:12:06

HP  47/53        AC  8     Str 21      XL: 6   Next: 47%
MP   5/5         EV 13     Int  7      God: Trog [***...]
Gold 200         SH  0     Dex 11      Spells:  0 memorised,  5 levels left

Res.Fire  : + . .   See Invis. : .   a - +0,+1 dagger (venom)
Res.Cold  : . . .   Warding    : .   j - +0 robe
Life Prot.: . . .   Conserve   : .   (no shield)
Res.Poison: .       Res.Corr.  : .   (no helmet)
Res.Elec. : .       Clarity    : .   i - +2 cloak {darkness}
Sust.Abil.: . .     Spirit.Shd : .   (no gloves)
Res.Mut.  : .       Stasis     : .   (no boots)
Res.Rott. : .       Flight     : .   (no amulet)
Saprovore : + . .                    (no ring)
                                     (no ring)

@: slow, slightly resistant to hostile enchantments, unstealthy
A: conserve scrolls, saprovore 1
a: Burn Spellbooks, Berserk, Trog's Hand, Renounce Religion, Evoke Invisibility


You were on level 3 of the Dungeon.
You worshipped Trog.
Trog was most pleased with you.
You were not hungry.

You visited 1 branch of the dungeon, and saw 3 of its levels.

You collected 180 gold pieces.

Inventory:

Hand weapons
 a - a +0,+1 dagger of venom (weapon)
 e - a +1,+4 vampiric short sword
 k - a cursed -1,-2 dwarven dagger
Missiles
 g - 4 tomahawks (quivered)
Armour
 i - a +2 cloak of darkness (worn)
 j - a +0 robe (worn)
Magical devices
 h - a wand of polymorph (5)
Comestibles
 c - a meat ration
 l - a bread ration
Scrolls
 b - a scroll of random uselessness {unknown}
 d - a scroll of fear {unknown}
 f - a scroll of teleportation {unknown}


   Skills:
 + Level 4.4 Fighting
 * Level 1.7 Short Blades
   Level 4.5 Axes
 - Level 3.0 Armour
 + Level 4.1 Dodging
 * Level 1.5 Stealth
 + Level 0.2 Evocations


You had 5 spell levels left.
You didn't know any spells.

Dungeon Overview and Level Annotations

Branches:
Dungeon (3/27)

Altars:


Innate Abilities, Weirdness & Mutations

You have stony skin.
You cover ground slowly.
Your flesh is heat resistant.
Your flesh is vulnerable to cold.
Your heat harms attackers.
You bathe your surroundings in blazing heat.
You are too hot to use scrolls.
You are very good at protecting items from fire.
You can tolerate rotten meat.


Message History

The quokka is almost dead.
The quokka misses you.
You hit the quokka but do no damage.
The quokka looks even sicker.
The quokka is almost dead.
The quokka misses you.
You closely miss the quokka.
The quokka is almost dead.
You kill the quokka!
Trog accepts your kill.
You see here a quokka corpse.
You offer a prayer to Trog.
The quokka corpse is slowly consumed by flames.
Trog is most pleased with you.
A quokka comes into view.
Char dumped successfully.
Save game and exit?
Welcome back, Leibowitz the Lava Orc Berserker.
Trog says: Kill them all!
Press ? for a list of commands and other information.
Are you sure you want to abandon this character and quit the game? (Confirm with "yes".)

#######.# #.#)# #..........#...#
...# #.#.# #.########.#.... ##.#
#.#.# #.# #.#..## #.# #.#.# #.#
#.#.... ##.# #.#.####.#
####.##.## .#.# ..#......#
#......... .#.#
################.##.##.##
.#.######...(..###.....r.##.##.##
................@................
.#.######.####.###.########.#####
.#.# #.# #.# .# #.##### ...# #.#
#.# # #...... #### #.# #.#
####### #.# #.# #.# #.# #.# #.#
####### #.# #.# #.....# .#


You could see a quokka.

Vanquished Creatures
  Grinder (D:3)
  Crazy Yiuf (D:2)
  5 adders
  A giant mite (D:3)
  A worm (D:3)
  5 giant geckos
  An orc (D:3)
  A ball python (D:2)
  5 giant cockroaches
  9 goblins
  12 hobgoblins
  2 jackals (D:1)
  2 quokkas (D:3)
  7 bats
  3 giant newts
  6 kobolds
  5 rats
67 creatures vanquished.

Notes
Turn   | Place    | Note
--------------------------------------------------------------
     0 | D:1      | Leibowitz, the Lava Orc Berserker, began the quest for the Orb.
     0 | D:1      | Reached XP level 1. HP: 19/19 MP: 0/0
    61 | D:1      | Reached XP level 2. HP: 26/26 MP: 1/1
    87 | D:1      | Reached skill level 4 in Axes
   452 | D:2      | Acquired Trog's second power
   518 | D:2      | Reached XP level 3. HP: 29/33 MP: 2/2
  1092 | D:2      | Noticed Crazy Yiuf
  1105 | D:2      | Killed Crazy Yiuf
  1105 | D:2      | Reached XP level 4. HP: 39/40 MP: 3/3
  1846 | D:3      | Noticed Grinder
  1872 | D:3      | HP: 1/40 [Grinder/nerve-wracking pain (8)]
  1874 | D:3      | Killed Grinder
  1874 | D:3      | Reached skill level 1 in Short Blades
  1874 | D:3      | Reached skill level 1 in Stealth
  1874 | D:3      | Reached XP level 5. HP: 1/46 MP: 2/4
  1874 | D:3      | Reached XP level 6. HP: 1/53 MP: 2/5
  2585 | D:3      | Quit the game

Action                   |  1- 3 |  4- 6 || total
-------------------------+-------+-------++-------
Melee: Hand axe          |   138 |       ||   138
       Dagger            |       |   102 ||   102
Throw: Tomahawk          |       |     3 ||     3
Invok: Berserk           |     1 |     1 ||     2
 Abil: Evoke Invisibilit |       |     2 ||     2
Evoke: Wand              |     1 |       ||     1
  Use: Potion            |     3 |     4 ||     7
 Stab: Invisible         |       |     1 ||     1
